 Dungeon Crawl Stone Soup version 0.21.1-1-g345015f (webtiles) character file.

120 MMS21 the Slasher (level 5, -2/42 HPs)
             Began as a Human Berserker on Apr 14, 2018.
             Was a Priest of Trog.
             Slain by Hylith's ghost (6 damage)
             ... on level 3 of the Dungeon.
             The game lasted 00:13:10 (2569 turns).

MMS21 the Slasher (Human Berserker)                 Turns: 2569, Time: 00:13:11

Health: -2/42      AC:  6    Str: 18    XL:     5   Next: 25%
Magic:  5/5        EV: 11    Int:  7    God:    Trog [***...]
Gold:   118        SH:  0    Dex: 13    Spells: 4/4 levels left

rFire    . . .     SeeInvis .   a - +0 falchion
rCold    . . .     Gourm    .   (no shield)
rNeg     . . .     Faith    .   k - +0 scale mail
rPois    .         Spirit   .   (no helmet)
rElec    .         Reflect  .   (no cloak)
rCorr    .         Harm     .   (no gloves)
MR       .....                  (no boots)
Stlth    ..........             f - amulet of regeneration
HPRegen  0.14/turn              (no ring)
MPRegen  0.09/turn              (no ring)

@: no status effects
A: no striking features
a: Berserk, Trog's Hand, Burn Spellbooks, Renounce Religion


You were on level 3 of the Dungeon.
You worshipped Trog.
Trog was most pleased with you.
You were not hungry.

You visited 1 branch of the dungeon, and saw 3 of its levels.

You collected 118 gold pieces.

Inventory:

Hand Weapons
 a - a +0 falchion (weapon)
 g - a +2 vampiric war axe
 l - a +0 hunting sling
Missiles
 i - 24 arrows
Armour
 k - a +0 scale mail (worn)
Jewellery
 f - an amulet of regeneration (around neck)
Wands
 r - a wand of random effects (8)
Scrolls
 p - a scroll of identify {unknown}
 q - a scroll of amnesia {unknown}
 s - a scroll of random uselessness {unknown}
Potions
 c - a potion of heal wounds {unknown}
 h - a potion of invisibility {unknown}
 j - a potion of magic {unknown}
 m - 2 potions of resistance {unknown}
 n - a potion of haste
Books
 e - a book of Cantrips

   Spells                             Type                      Level
   a - Confusing Touch                Hexes                        1
   b - Animate Skeleton               Necromancy                   1
   c - Summon Small Mammal            Summoning                    1
   d - Apportation                    Translocation                1
   Trog disapproves of the use of such an item.
Comestibles
 b - 5 chunks of flesh


   Skills:
 + Level 3.7 Fighting
 + Level 4.2 Long Blades
 + Level 2.5 Armour
 + Level 2.8 Dodging
 + Level 0.2 Stealth


You had 4 spell levels left.
You didn't know any spells.

Dungeon Overview and Level Annotations

Branches:
Dungeon (3/15)

Altars:

Annotations:
D:3 Hylith's ghost, amateur HOFi


Message History

* * * LOW HITPOINT WARNING * * *
Hylith's ghost hits you but does no damage.
The hobgoblin misses you.
Some of the chunks of flesh in your inventory have rotted away.
The hobgoblin closely misses you.
You riposte.
You closely miss the hobgoblin. The hobgoblin barely misses you.
You see here a ring mail.
The hobgoblin barely misses you. Hylith's ghost completely misses you.
Hylith's ghost says, "You must not succeed where I failed!"
Hylith's ghost closely misses you. Hylith's ghost hits you!
* * * LOW HITPOINT WARNING * * *
Hylith's ghost closely misses you.
As you read the scroll labeled GYOFUC DASS, it crumbles to dust.
The scroll dissolves into smoke.
It was a scroll of fog.
As you read the scroll labeled IDIMNU JARYDIO, it crumbles to dust.
You feel blessed for a moment.
It was a scroll of remove curse.
Hylith's ghost hits you.
You die...

#..##.##.#...#####..###....
.. #.....................>
. #####..................
#.####..........).. #.#
##.>...[...... #.#
#...........#. #§§#
#§.....######.
#####§§###§####...(.#..
#.....@Wg§§.# #####....
#.#########.# #.... .#
#.... #..######....
#............ #.#########..
.# #.....[. .# #.######


You could see Hylith's ghost and a hobgoblin.

Vanquished Creatures
  4 adders
  An ooze (D:2)
  2 worms (D:2)
  3 dart slugs
  3 leopard geckos
  6 bats
  4 giant cockroaches
  6 goblins
  9 hobgoblins
  4 jackals (D:3)
  7 kobolds
  A quokka (D:2)
  7 frilled lizards
  6 rats
63 creatures vanquished.

Notes
Turn   | Place    | Note
-------+----------+-------------------------------------------
     0 | D:1      | MMS21 the Human Berserker began the quest for the Orb.
     0 | D:1      | Reached XP level 1. HP: 18/18 MP: 1/1
   272 | D:1      | Reached XP level 2. HP: 24/24 MP: 2/2
   388 | D:1      | Reached XP level 3. HP: 24/29 MP: 3/3
   400 | D:1      | Reached ** piety under Trog
  1058 | D:2      | Reached XP level 4. HP: 20/35 MP: 4/4
  1641 | D:2      | Reached skill level 4 in Long Blades
  2128 | D:2      | Reached XP level 5. HP: 39/42 MP: 5/5
  2484 | D:3      | Reached *** piety under Trog
  2532 | D:3      | Noticed Hylith's ghost (amateur HOFi)
  2569 | D:3      | Slain by Hylith's ghost

Skill      XL: |  1  2  3  4 |
---------------+-------------+-----
Long Blades    | 4 |  4.2
Fighting       | |  3.7
Armour         | |  2.5
Dodging        | |  2.8
Stealth        | |  0.2

Action                   |  1- 3 |  4- 6 || total
-------------------------+-------+-------++-------
Melee: Falchion          |    91 |   132 ||   223
  Use: Scroll            |     1 |     2 ||     3
       Potion            |       |     2 ||     2
  Eat: Ration            |     1 |     1 ||     2
Armor: Animal skin       |    13 |     7 ||    20
       Scale mail        |       |    41 ||    41
Dodge: Dodged            |    77 |    73 ||   150
       Rpst.: Falchion   |    26 |    23 ||    49
